 Dungeon Crawl Stone Soup version 0.31.0-11-ge490571c62 (webtiles) character file.

Game seed: 1065326937803432648

59 qw the Shooter (level 3, 0/20 HPs)
             Began as a Deep Elf Hunter on Feb 4, 2024.
             Slain by Terence
             ... wielding a +0 flail
              (7 damage)
             ... on level 2 of the Dungeon.
             The game lasted 00:00:04 (1320 turns).

qw the Shooter (Deep Elf Hunter)                    Turns: 1320, Time: 00:00:04

Health: 0/20       AC:  3    Str: 10    XL:     3   Next: 78%
Magic:  5/5        EV: 12    Int: 13    God:
Gold:   102        SH:  0    Dex: 18    Spells: 2/2 levels left

rFire   . . .        a - +0 shortbow
rCold   . . .        (shield currently unavailable)
rNeg    . . .        c - +0 leather armour
rPois   .            (no helmet)
rElec   .            (no cloak)
rCorr   .            (no gloves)
SInv    .            (no boots)
Will    .....        (no amulet)
Stlth   ++           (no ring)
HPRegen 0.23/turn    (no ring)
MPRegen 0.09/turn

%: no passive effects
@: no status effects
A: no striking features
a: no special abilities


You were on level 2 of the Dungeon.
You visited 1 branch of the dungeon, and saw 2 of its levels.

You collected 102 gold pieces.


   Skills:
 - Level 1.5 Fighting
 + Level 7.3 Ranged Weapons
 - Level 2.4 Dodging
 - Level 1.2 Stealth


You had 2 spell levels left.
You didn't know any spells.
Your spell library was empty.

Inventory:

Hand Weapons
 a - a +0 shortbow (weapon)
Armour
 c - a +0 leather armour (worn)
 e - the +2 ring mail "Fiem" {Harm rF- Int+3}
   (You found it on level 2 of the Dungeon)

   Int+3:     It affects your intelligence (+3).
   rF-:       It makes you vulnerable to fire.
   Harm:      It increases damage dealt and taken.
Scrolls
 b - a scroll of identify {unknown}
Potions
 d - a potion of heal wounds {unknown}

Dungeon Overview and Level Annotations

Branches:
Dungeon (2/15)

Altars:

Annotations:
D:2 Jessica, Terence


Message History

The bat hits you but does no damage.
You shoot an arrow. The arrow closely misses the bat.
The bat hits you but does no damage. The bat barely misses you. x2
You shoot an arrow. The arrow hits the bat!
You kill the bat!
An endoplasm comes into view.
You shoot an arrow. The arrow hits the endoplasm.
The endoplasm quivers.
The endoplasm is heavily wounded.
You shoot an arrow. The arrow hits the endoplasm.
You kill the endoplasm!
There is an escape hatch in the floor here.
Found an escape hatch in the ceiling.
An adder comes into view.
You shoot an arrow. The arrow hits the adder!
The adder hisses angrily.
The adder is almost dead.
You shoot an arrow. The arrow hits the adder.
You kill the adder!
Terence the Incautious comes into view.
He is wielding a +0 flail.
Terence shouts!
You shoot an arrow. The arrow hits Terence.
Terence is lightly wounded.
You shoot an arrow. The arrow barely misses Terence.
You shoot an arrow. The arrow barely misses Terence.
Jessica the Apprentice Sorceress comes into view.
She is wielding a +0 club.
You shoot an arrow. The arrow barely misses Terence.
Jessica shouts!
You shoot an arrow. The arrow hits Terence.
Terence is moderately wounded.
Terence hits you with a +0 flail!
You shoot an arrow. The arrow hits Terence.
Terence is severely wounded.
Terence hits you with a +0 flail.
You shoot an arrow. The arrow hits Terence.
Terence is almost dead.
A rat comes into view.
Terence hits you with a +0 flail!
You die...
Terence says, "Time to find some more victims."

.................####
.......<..######## #
.####.###.# # ### #.# #
.. #.# # ###. ..#
############
....<########.........>.
###...........##########
......@@..#####
###.@.###.# r.... #.#
###. #.# # #%# #.# #.#
#.#


You could see Terence, Jessica and a rat (wandering).

Vanquished Creatures
  An adder (D:2)
  A dart slug (D:1)
  5 endoplasms
  A giant cockroach (D:1)
  6 goblins
  2 hobgoblins
  3 jackals (D:1)
  3 ball pythons (D:1)
  8 bats
  2 frilled lizards (D:1)
  8 kobolds
  5 rats
45 creatures vanquished.

Notes
Turn   | Place    | Note
-------+----------+-------------------------------------------
     0 | D:1      | qw the Deep Elf Hunter began the quest for the Orb.
     0 | D:1      | Reached XP level 1. HP: 12/12 MP: 3/3
     0 | D:1      | 0 ||| qw: Version: 0.3-a-160-g6735b56
     0 | D:1      | 0 ||| qw: Game counter: 5071
     0 | D:1      | 0 ||| qw: Melee chars always use a shield: true
     0 | D:1      | 0 ||| qw: God list: Okawaru
     0 | D:1      | 0 ||| qw: Allow faded altars: false
     0 | D:1      | 0 ||| qw: Do Orc after clearing Dungeon:15 true
     0 | D:1      | 0 ||| qw: Do second Lair branch before Depths: true
     0 | D:1      | 0 ||| qw: Lair rune preference: random
     0 | D:1      | 0 ||| qw: Goals: Normal
     0 | D:1      | 0 ||| PLANNING D:1-11
   226 | D:1      | Reached skill level 6 in Ranged Weapons
   226 | D:1      | Reached XP level 2. HP: 10/16 MP: 4/4
   339 | D:1      | 339 ||| RETREEEEATING.
   340 | D:1      | 340 ||| RETREEEEATING.
   341 | D:1      | 341 ||| RETREEEEATING.
   346 | D:1      | HP: 1/16 [kobold/+0 short sword (4)]
   474 | D:1      | Reached XP level 3. HP: 20/20 MP: 5/5
   860 | D:1      | 860 ||| READING scroll labelled NUBBUC GENAPO.
   864 | D:1      | 864 ||| READING scroll labelled SIKHLA LYSUDOIF.
   865 | D:1      | 865 ||| DROPPING scroll of butterflies.
   867 | D:1      | 867 ||| Stepping ~*~*~tactically~*~*~ (cloud).
   870 | D:1      | HP: 5/20 [poisoned by you (poison gas)]
   873 | D:1      | HP: 2/20 [poisoned by you (poison gas)]
  1084 | D:2      | Reached skill level 7 in Ranged Weapons
  1119 | D:2      | Identified the +2 ring mail "Fiem" {Harm rF- Int+3}
  1313 | D:2      | Noticed Terence
  1316 | D:2      | Noticed Jessica
  1320 | D:2      | Slain by Terence

Levels and vault maps discovered:
D:1:      dpeg_cavernosity, layout_loops_ring, nrook_campfire
D:2:      layout_loops_ring, uniq_jessica, uniq_terence

Skill      XL: |  1  2  3 |
---------------+----------+-----
Ranged Weapons | 6 7 |  7.3
Fighting       | |  1.5
Dodging        | |  2.4
Stealth        | |  1.2

Action                     || total
---------------------------++-------
   Fire: Shortbow          ||   107
    Use: Scroll            ||     2
 Armour: Leather armour    ||    24
  Dodge: Dodged            ||    17

Table legend:
 A = Non-vault XP
 B = Vault XP
 C = Vault XP percentage of total XP
 D = Non-vault monster count
 E = Vault monster count
 F = Vault count percentage of total count
                 A         B        C        D         E       F
            +---------+---------+-------+---------+---------+-------
      Total |      80 |       5 |   5.9 |      41 |       4 |   8.9
            +---------+---------+-------+---------+---------+-------
        D:1 |      55 |       5 |   8.3 |      33 |       4 |  10.8
        D:2 |      25 |       0 |   0.0 |       8 |       0 |   0.0
            +---------+---------+-------+---------+---------+-------
